 Dungeon Crawl Stone Soup version 0.29-a0-993-g4a18f31a58 (webtiles) character file.

Game seed: 1723766200740655809

660 ytrimaz the Cleaver (level 7, -3/51 (52) HPs)
             Began as a Formicid Fighter on Aug 3, 2022.
             Slain by a gnoll
             ... wielding a +0 halberd of protection
             ... led by a gnoll sergeant
              (11 damage)
             ... on level 5 of the Dungeon.
             The game lasted 00:08:33 (5835 turns).

ytrimaz the Cleaver (Formicid Fighter)              Turns: 5835, Time: 00:08:33

HP:   -3/51 (52)    AC:  6    Str: 22    XL:     7   Next: 86%
MP:   7/7           EV: 10    Int:  8    God:
Gold: 16            SH:  5    Dex: 13    Spells: 6/6 levels left

rFire   + . .      SeeInvis +   a - +0 war axe
rCold   . . .      Faith    .   c - +0 buckler
rNeg    + . .      Spirit   .   i - +2 leather armour {rF+}
rPois   .          Reflect  .   (helmet unavailable)
rElec   .          Harm     .   (no cloak)
rCorr   .          Rampage  .   (no gloves)
Will    .....                   u - +0 pair of boots
Stlth   +.........              (no amulet)
HPRegen 0.17/turn               k - ring of positive energy
MPRegen 0.10/turn               (no ring)

@: mighty, lightly drained
A: permanent stasis, dig shafts and tunnels, antennae 3, four strong arms
a: Dig, Shaft Self


You were on level 5 of the Dungeon.
You visited 1 branch of the dungeon, and saw 5 of its levels.
You also visited: Sewer.

You collected 169 gold pieces.
You spent 153 gold pieces at shops.

Inventory:

Hand Weapons
 a - a +0 war axe (weapon)
Missiles
 l - 5 boomerangs (quivered)
 z - 2 throwing nets
Armour
 b - a +0 scale mail
 c - a +0 buckler (worn)
 h - a +0 plate armour
 i - a +2 leather armour of fire resistance (worn)
 j - the +5 robe of the Jabberwock {rF- rCorr Int+5 SInv}
   (You bought it in a shop on level 5 of the Dungeon)

   Int:       It affects your intelligence (+5).
   rF:        It makes you vulnerable to fire.
   SInv:      It lets you see invisible.
   rCorr:     It protects you from acid and corrosion.
 u - a +0 pair of boots (worn)
Jewellery
 k - a ring of positive energy (left hand)
 q - a ring of magical power
Scrolls
 e - 4 scrolls of immolation
 f - 2 scrolls of noise
 s - a scroll of fear
 t - a scroll of poison
 y - a scroll of magic mapping
Potions
 d - a potion of cancellation {unknown}
 g - a potion of curing
 n - 2 potions of magic
 o - 3 potions of flight
 p - a potion of lignification
 r - a potion of berserk rage
 v - a potion of haste {unknown}
 w - 2 potions of brilliance {unknown}
 x - 2 potions of might


   Skills:
 - Level 3.2 Fighting
 + Level 8.1 Axes
 + Level 1.3 Throwing
 - Level 3.2 Armour
 - Level 4.0 Shields


You had 6 spell levels left.
You didn't know any spells.
Your spell library contained the following spells:

 Spells                   Type           Power      Damage    Failure   Level
 Stone Arrow              Conj/Erth      0%         3d7       88%         3
 Animate Armour           Summ/Erth      0%         N/A       99%         4
 Lehudib's Crystal Spear  Conj/Erth      0%         10d2      100%        8


Dungeon Overview and Level Annotations

Branches:
Dungeon (5/15)              Sewer (visited)
 Temple: D:4-7

Altars:
Hepliaklqana
Kikubaaqudgha
Vehumet

Shops:
D:5 [


Innate Abilities, Weirdness & Mutations

You cannot be hasted, slowed, berserked, paralysed or teleported.
You can dig through walls and to a lower floor.
You have a pair of large antennae on your head. (SInv)
Your four strong arms can wield two-handed weapons with a shield.


Message History

Your Axes skill increases to level 8!
The gnoll attacks as you move away! The gnoll barely misses you.
The gnoll hits you but does no damage.
The gnoll hits you with a +0 halberd of protection.
You block the gnoll sergeant's attack. The orc hits you but does no damage.
The hound misses you.
Things that are here:
a +0 spear; a throwing net You hit the gnoll.
The gnoll is moderately wounded.
You closely miss the hound. You closely miss the gnoll. You slash the gnoll!
You kill the gnoll!
The hound bites you. The gnoll hits you with a +0 flail.
The gnoll closely misses you. The gnoll sergeant barely misses you.
The orc hits you from afar with a +0 trident!
The hound bites you but does no damage.
You hit the gnoll.
The gnoll is heavily wounded.
You slash the gnoll!
You kill the gnoll!
You slash the hound! You slash the gnoll!
You kill the gnoll!
The gnoll misses you.
The gnoll sergeant hits you from afar with a +1 spear of freezing!
The gnoll sergeant freezes you.
* * * LOW HITPOINT WARNING * * *
The hound barely misses you. The orc barely misses you.
You hit the gnoll.
The gnoll is severely wounded.
You closely miss the hound. The hound bites you.
* * * LOW HITPOINT WARNING * * *
The gnoll barely misses you. The orc barely misses you.
The gnoll sergeant hits you but does no damage.
The hound barely misses you. The gnoll misses you.
The orc hits you from afar with a +0 trident.
* * * LOW HITPOINT WARNING * * *
The gnoll sergeant completely misses you.
The hound closely misses you. The hound barely misses you.
The gnoll hits you from afar with a +0 halberd of protection!
You die...

#... #. #... #. #... #[
####... #..#######.
..$.... ... .......
#.....5 #.# #.###..
#..og## #.# ..#8.8
#g)### #.# #.#.⌠.
##h@.# #.# #.#8.∩
######.#####.####...⌠.
.........|..........8.8
#########...#.####.....
###...# ###..> #####
#... ####


You could see a gnoll sergeant, a hound, a gnoll, a white imp and an orc.

Vanquished Creatures
  Grinder (D:3)
  An ogre (D:4)
  A jelly (D:5)
  12 gnolls
  5 adders
  11 river rats (Sewer)
  5 worms
  4 dart slugs
  3 orcs (D:3)
  3 ball pythons
  2 endoplasms
  A giant cockroach (D:3)
  6 goblins
  4 hobgoblins
  2 quokkas
  6 bats
  15 frilled lizards
  6 kobolds
  11 rats
99 creatures vanquished.

Vanquished Creatures (others)
  A quokka (D:5)
1 creature vanquished.

Grand Total: 100 creatures vanquished

Notes
Turn   | Place    | Note
-------+----------+-------------------------------------------
     0 | D:1      | ytrimaz the Formicid Fighter began the quest for the Orb.
     0 | D:1      | Reached XP level 1. HP: 18/18 MP: 1/1
   329 | D:1      | Reached XP level 2. HP: 21/24 MP: 2/2
   363 | D:1      | Found a faded altar of an unknown god.
   363 | D:1      | Noticed a cacodemon
   481 | D:1      | Reached skill level 3 in Axes
   730 | D:1      | Reached XP level 3. HP: 29/29 MP: 3/3
  2129 | D:2      | Reached skill level 4 in Axes
  2129 | D:2      | Reached XP level 4. HP: 35/35 MP: 4/4
  2151 | D:3      | Found a radiant altar of Vehumet.
  2252 | D:3      | Found a glowing drain.
  2275 | Sewer    | Entered a sewer
  2448 | Sewer    | Reached XP level 5. HP: 14/41 MP: 5/5
  2876 | Sewer    | Reached skill level 5 in Axes
  3370 | Sewer    | Reached XP level 6. HP: 43/47 MP: 6/6
  3884 | D:3      | Reached skill level 6 in Axes
  4172 | D:3      | Noticed Grinder
  4188 | D:3      | Killed Grinder
  4189 | D:3      | Reached skill level 7 in Axes
  4189 | D:3      | Reached XP level 7. HP: 20/52 MP: 7/7
  4701 | D:4      | Reached skill level 1 in Throwing
  4861 | D:4      | Found a hazy altar of Hepliaklqana.
  5153 | D:4      | Found an ancient bone altar of Kikubaaqudgha.
  5734 | D:5      | Entered Level 5 of the Dungeon
  5734 | D:5      | Found Efycsauh's Antique Armour Emporium.
  5810 | D:5      | Bought an ominously black robe for 153 gold pieces
  5810 | D:5      | Identified the +5 robe of the Jabberwock {rF- rCorr Int+5
                  | SInv} (You bought it in a shop on level 5 of the Dungeon)
  5831 | D:5      | Reached skill level 8 in Axes
  5835 | D:5      | Slain by a gnoll

Illustrated notes

Levels and vault maps discovered:
D:1:      grunt_arrival_lava_bath, layout_basic,
          dreamdust_ecumenical_altar_sealed_demon, minmay_misc_feat_five
D:2:      layout_rooms
D:3:      layout_basic, mainiacjoe_overflow_alcove_4,
          cheibrodos_sewer_entry_bend, minivault_5, uniq_grinder
D:4:      layout_gridville, mainiacjoe_overflow_catch_the_wave,
          grunt_ministairs_2
D:5:      layout_rooms, xom_redecorated, elyvilon_altar_4, lemuel_round_altar,
          serial_shops, nicolae_shop_temple_entry_statues_fountains, shop

Skill      XL: |  1  2  3  4  5  6  7 |
---------------+----------------------+-----
Axes           | 3 4 5 7 8 |  8.1
Throwing       | 1 |  1.3
Fighting       | |  3.2
Armour         | |  3.2
Shields        | |  4.0

Action                   |  1- 3 |  4- 6 |  7- 9 || total
-------------------------+-------+-------+-------++-------
Melee: War axe           |    95 |   134 |    60 ||   289
Throw: Boomerang         |       |    10 |       ||    10
 Abil: Dig               |       |     1 |       ||     1
  Use: Scroll            |     4 |     4 |     5 ||    13
       Potion            |       |     3 |     1 ||     4
 Stab: Sleeping          |       |     1 |     1 ||     2
Armor: Scale mail        |    16 |       |       ||    16
       Leather armour    |    24 |    49 |    25 ||    98
Dodge: Dodged            |    53 |    54 |    49 ||   156
Block: Buckler           |    23 |    27 |    24 ||    74

Table legend: (Time is in decaauts)
 A = Elapsed time spent in this place.
 B = Non-inter-level travel time spent in this place.
 C = Inter-level travel time spent in this place.
 D = Time resting spent in this place.
 E = Time spent auto-exploring this place.
 F = Levels seen in this place.
 G = Mean time per level.
                   A        B        C        D        E       F      G
               +--------+--------+--------+--------+--------+-----+--------+
         Total |   5974 |   5907 |     67 |   1036 |   3725 |   6 |  995.7 |
       Dungeon |   4628 |   4561 |     67 |    398 |   3369 |   5 |  925.6 |
         Sewer |   1345 |   1345 |      0 |    638 |    356 |   1 | 1345.0 |
               +--------+--------+--------+--------+--------+-----+--------+

Top non-repeatable levels by time:
     D:1: 1409 daAuts
   Sewer: 1345 daAuts
     D:3: 1272 daAuts
     D:4: 1068 daAuts
     D:2: 776 daAuts
     D:5: 101 daAuts
